 Dungeon Crawl Stone Soup version 0.30-a0-652-gcc886f7154 (webtiles) character file.

Game seed: 9171118420960106519

5 wormed the Sneak (level 1, -1/14 HPs)
             Began as a Kobold Delver on Jan 17, 2023.
             Slain by an orc
             ... wielding a +0 short sword
              (5 damage)
             ... on level 2 of the Dungeon.
             The game lasted 00:01:03 (181 turns).

wormed the Sneak (Kobold Delver)                     Turns: 181, Time: 00:01:04

Health: -1/14      AC:  3    Str:  9    XL:     1   Next: 88%
Magic:  1/1        EV: 14    Int: 11    God:
Gold:   27         SH:  0    Dex: 16    Spells: 0/0 levels left

rFire   . . .      SeeInvis .    a - +0 short sword
rCold   . . .      Faith    .    (no shield)
rNeg    . . .      Spirit   .    b - +0 leather armour
rPois   .          Reflect  .    (no helmet)
rElec   .          Harm     .    (no cloak)
rCorr   .          Rampage  .    (no gloves)
Will    .....                    (no boots)
Stlth   ++++                     (no amulet)
HPRegen 0.22/turn                (no ring)
MPRegen 0.07/turn                (no ring)

@: hasted, very quick
A: small, no large weapons, nightstalker 3
a: no special abilities


You were on level 2 of the Dungeon.
You visited 1 branch of the dungeon, and saw 4 of its levels.

You collected 27 gold pieces.

Inventory:

Hand Weapons
 a - a +0 short sword (weapon)
Armour
 b - a +0 leather armour (worn)
Wands
 g - a wand of digging (3)
Scrolls
 c - a scroll of fog
Potions
 h - a potion of magic {unknown}
 i - a potion of curing {unknown}
 j - a potion of brilliance {unknown}


   Skills:
 + Level 3.3 Fighting
 * Level 3.0 Short Blades
 + Level 2.5 Dodging
 + Level 6.6 Stealth


You couldn't memorise any spells.
You didn't know any spells.
Your spell library contained the following spells:

 Spells                   Type           Power      Damage    Failure   Level
 Necrotise                Necr           0%         1d4       45%         1
 Vampiric Draining        Necr           0%         2d6       83%         3
 Agony                    Necr           0%         N/A       100%        5


Dungeon Overview and Level Annotations

Branches:
Dungeon (5/15)
 Temple: D:4-7

Altars:

Shops:
D:5 *


Innate Abilities, Weirdness & Mutations

You are small and have problems with some larger weapons.
You are completely attuned to the shadows.


Message History

The kobold shouts!
You hear a shout!
The kobold throws a stone.
The stone closely misses you.
A goblin comes into view. It is wielding a +0 dagger.
You hit the goblin.
The goblin is heavily wounded.
The goblin closely misses you.
You hit the goblin.
The goblin is severely wounded.
The orc hits you but does no damage. The goblin hits you with a +0 dagger.
The kobold barely misses you.
You hit the goblin.
You kill the goblin!
The orc hits you with a +0 short sword. The kobold closely misses you.
Your Short Blades skill increases to level 3!
The kobold closely misses you.
Things that are here:
a +0 dagger; a goblin corpse
Found 2 stones.
The orc attacks as you move away! The orc closely misses you.
The orc attacks as you move away! The orc hits you with a +0 short sword.
The orc attacks as you move away! The orc misses you.
A hobgoblin comes into view.
Found a stone staircase leading up.
Found a stone staircase leading down.
The hobgoblin shouts!
The orc attacks as you move away! The orc barely misses you.
There is a stone staircase leading up here.
The orc hits you with a +0 short sword.
You climb upwards.
Found a mace and a book of Winter.
There is a stone staircase leading down here.
You closely miss the orc. The orc hits you with a +0 short sword.
You hit the orc but do no damage. The orc hits you with a +0 short sword.
You hit the orc but do no damage. You hit the orc.
The orc is lightly wounded.
The orc hits you with a +0 short sword.
* * * LOW HITPOINT WARNING * * *
You feel yourself speed up. The orc hits you with a +0 short sword.
You die...

####
##....
#@..#
#)o.....
.........
.#..:....
......##


You could see an orc.

Vanquished Creatures
  An orc (D:3)
  An endoplasm (D:4)
  A goblin (D:3)
  A frilled lizard (D:3)
4 creatures vanquished.

Notes
Turn   | Place    | Note
-------+----------+-------------------------------------------
     0 | D:5      | wormed the Kobold Delver began the quest for the Orb.
     0 | D:5      | Reached XP level 1. HP: 14/14 MP: 1/1
    19 | D:5      | Found Orphiw's General Store.
   181 | D:2      | Slain by an orc

Illustrated notes

Levels and vault maps discovered:
D:2:      layout_basic, kennysheep_crisscross, kennysheep_nondescript
D:3:      layout_basic, jmf_multi_god_temple,
          shapermc_ecumenical_altar_flowoftime, kennysheep_donut,
          wad_floor_pattern_untrapped
D:4:      layout_basic
D:5:      layout_rooms, general_overflow_altar, nemelex_spade_bored_becter,
          mainiacjoe_overflow_concentric_impassable, serial_shops,
          nicolae_shop_crystal, nicolae_take_the_stairs, grunt_decor_one_mirror

Skill      XL: |  1 |
---------------+----+-----
Short Blades   | 3 |  3.0
Fighting       | |  3.3
Dodging        | |  2.5
Stealth        | |  6.6

Action                   || total
-------------------------++-------
Melee: Short sword       ||    12
  Use: Scroll            ||     2
       Potion            ||     1
 Stab: Sleeping          ||     2
Armor: Leather armour    ||     1
Dodge: Dodged            ||    10

Table legend: (Time is in decaauts)
 A = Elapsed time spent in this place.
 B = Non-inter-level travel time spent in this place.
 C = Inter-level travel time spent in this place.
 D = Time resting spent in this place.
 E = Time spent auto-exploring this place.
 F = Levels seen in this place.
 G = Mean time per level.
                   A        B        C        D        E       F      G
               +--------+--------+--------+--------+--------+-----+--------+
         Total |    178 |    178 |      0 |      0 |     80 |   4 |   44.5 |
       Dungeon |    178 |    178 |      0 |      0 |     80 |   4 |   44.5 |
               +--------+--------+--------+--------+--------+-----+--------+

Top non-repeatable levels by time:
     D:3: 83 daAuts
     D:5: 65 daAuts
     D:4: 26 daAuts
     D:2: 3 daAuts
